 Dungeon Crawl Stone Soup version 0.20-b1 (webtiles) character file.

5248 Mesmaeker13 the Cleaver (level 10, -4/94 HPs)
             Began as a Deep Dwarf Berserker on May 19, 2017.
             Was a Priest of Trog.
             Slain by an orc warrior
             ... wielding a +0 trident
              (9 damage)
             ... on level 8 of the Dungeon.
             The game lasted 00:19:34 (7003 turns).

Mesmaeker13 the Cleaver (Deep Dwarf Berserker)      Turns: 7003, Time: 00:19:35

Health: -4/94      AC: 11    Str: 22    XL:     10   Next: 36%
Magic:  16/16      EV: 11    Int:  8    God:    Trog [***...]
Gold:   74         SH:  5    Dex: 14    Spells: 9/9 levels left

rFire    x . .     SeeInvis .   M - +3 hand axe (curse)
rCold    + . .     Gourm    .   t - +0 buckler
rNeg     . . .     Faith    +   h - +0 scale mail
rPois    .         Spirit   .   x - +0 helmet
rElec    .         Reflect  .   L - +0 cloak
rCorr    .         Harm     .   (no gloves)
MR       +++..                  (no boots)
Stlth    ..........             K - amulet of faith
Regen    1.0/turn               i - ring of ice
MPRegen  0.2/turn               (no ring)

@: non-regenerating
A: damage resistance, heal wounds, sense surroundings 2, no regeneration
a: Heal Wounds, Berserk, Trog's Hand, Burn Spellbooks, Renounce Religion


You were on level 8 of the Dungeon.
You worshipped Trog.
Trog was most pleased with you.
You were not hungry.

You visited 1 branch of the dungeon, and saw 8 of its levels.

You collected 362 gold pieces.
You spent 288 gold pieces at shops.

Inventory:

Hand Weapons
 G - the +0 morningstar of a bazaar {flame, rPois rN+ Str-4}
   (You bought it in a shop on level 7 of the Dungeon)

   It has been specially enchanted to burn those struck by it, causing extra
   injury to most foes and up to half again as much damage against particularly
   susceptible opponents.
   It affects your strength (-4).
   It protects you from poison.
   It protects you from negative energy.
 M - a cursed +3 hand axe (weapon)
Missiles
 j - 7 javelins (quivered)
 B - 5 tomahawks
Armour
 h - a +0 scale mail (worn)
 t - a +0 buckler (worn)
 x - a +0 helmet (worn)
 L - a +0 cloak (worn)
Jewellery
 i - a ring of ice (left hand)
 o - an uncursed amulet of the gourmand
 K - an amulet of faith (around neck)
Wands
 w - a wand of flame (0/48)
Scrolls
 a - 3 scrolls of enchant armour {unknown}
 b - 3 scrolls of teleportation {unknown}
 g - 2 scrolls of remove curse
 k - 2 scrolls of noise {unknown}
 m - 5 scrolls of enchant weapon
 n - 2 scrolls of recharging {unknown}
 y - a scroll of fear {unknown}
 z - 2 scrolls of magic mapping {unknown}
 A - a scroll of summoning {unknown}
 C - a scroll of blinking {unknown}
 H - a scroll of fog {unknown}
 J - a scroll of vulnerability {unknown}
Potions
 d - 5 potions of curing
 e - a potion of invisibility {unknown}
 l - 4 potions of mutation
 p - 2 potions of haste
 r - 2 potions of brilliance {unknown}
 s - 3 potions of agility {unknown}
 v - 2 potions of flight {unknown}
 D - a potion of lignification {unknown}
 F - a potion of heal wounds {unknown}
Comestibles
 c - 8 bread rations
 f - 5 fruits
 q - 3 meat rations
 E - 9 chunks of flesh
 I - 4 royal jellies


   Skills:
 + Level 7.2 Fighting
 + Level 8.9 Axes
 + Level 8.4 Armour
 - Level 2.1 Dodging
 - Level 5.9 Shields
 + Level 8.6 Evocations


You had 9 spell levels left.
You didn't know any spells.

Dungeon Overview and Level Annotations

Branches:
Dungeon (8/15)             Temple (0/1) D:6
   Lair: D:8-11

Altars:
Makhleb

Shops:
D:7 (


Innate Abilities, Weirdness & Mutations

You are resistant to damage.
You can heal yourself by infusing magical energy.
You passively map the area around you.
You do not regenerate.


Message History

The orc warrior hits you with a trident!
You hit the orc warrior but do no damage.
The orc warrior is moderately wounded.
You're still recovering from your berserk rage.
You closely miss the orc warrior.
The orc warrior is moderately wounded.
The orc warrior closely misses you.
You hit the orc warrior.
The orc warrior is heavily wounded.
The orc warrior hits you with a trident!
You closely miss the orc warrior.
The orc warrior is heavily wounded.
The orc warrior hits you with a trident!
* * * LOW HITPOINT WARNING * * *
The orc warrior hits you from afar with a halberd!!
* * * LOW HITPOINT WARNING * * *
You closely miss the orc warrior.
The orc warrior is heavily wounded.
The orc warrior hits you with a trident!
You die...

# ,.. ..#.#.........# *, , ,,
####... $#.#.........###. , ,
* +.P....P .................
...PP.PP...#.........###.. ,
* ..PP...P..P..............
,,
PPP[..P.P..#........####.**,*
, (PPP.....PP.<.......+ * * ,
P..####.PP..........#*, * **
,, P.P# #.......oo@...# , *
,, ..P#,,'...P......<..#* * *
PP.####PPP..........# , * *
........P.P.........# ,* *
.P.P...PPP.#..#.#......# ,
.PP...P....##.#)#[##...#, **
..PP.PP.. #.#.#.#*##.# *
........ *#...#.., ... *
##.....,........### *,## ,* ,


You could see 2 orc warriors.

Vanquished Creatures
  A two-headed ogre (D:8)
  Maurice (D:8)
  Psyche (D:8)
  Sigmund (D:6)
  4 hogs (D:7)
  A human (D:7)
  Grum (D:7)
  A sky beast (D:6)
  An orc warrior (D:7)
  4 ogres
  A necrophage (D:7)
  2 black bears
  A phantom (D:7)
  3 wolves (D:7)
  3 centaurs
  A big kobold (D:8)
  3 bullfrogs
  A water moccasin zombie (D:8)
  2 scorpions
  3 wights (D:8)
  5 crimson imps
  A centaur zombie (D:7)
  A quasit (D:6)
  3 orc priests
  6 orc wizards
  A jelly (D:8)
  A bullfrog skeleton (D:5)
  2 centaur skeletons
  4 hounds
  4 iguanas
  4 worker ants
  A hound zombie (D:7)
  2 hound skeletons
  2 howler monkey zombies
  A howler monkey skeleton (D:4)
  8 adders
  An adder zombie (D:6)
  2 worms (D:3)
  3 leopard geckos
  19 orcs
  6 giant cockroaches
  8 goblins
  2 hobgoblins
  8 jackals
  10 kobolds
  2 quokkas
  2 bats
  4 frilled lizards
  6 rats
155 creatures vanquished.

Vanquished Creatures (others)
  A fungus (D:8)
1 creature vanquished.

Grand Total: 156 creatures vanquished

Notes
Turn   | Place    | Note
-------+----------+-------------------------------------------
     0 | D:1      | Mesmaeker13 the Deep Dwarf Berserker began the quest for the Orb.
     0 | D:1      | Reached XP level 1. HP: 20/20 MP: 1/1
   641 | D:1      | Reached XP level 2. HP: 14/27 MP: 2/2
  1212 | D:2      | Reached XP level 3. HP: 15/33 MP: 3/3
  1871 | D:3      | Reached XP level 4. HP: 21/42 MP: 4/4
  2013 | D:3      | Reached ** piety under Trog
  2756 | D:4      | Noticed an ogre
  2765 | D:4      | Killed an ogre
  2765 | D:4      | Reached skill level 5 in Axes
  2765 | D:4      | Reached skill level 1 in Evocations
  2765 | D:4      | Reached XP level 5. HP: 32/50 MP: 4/6
  2898 | D:4      | Reached XP level 6. HP: 19/57 MP: 7/7
  3507 | D:4      | Reached skill level 1 in Shields
  3786 | D:5      | Entered Level 5 of the Dungeon
  3826 | D:5      | Reached XP level 7. HP: 40/64 MP: 9/9
  4010 | D:5      | Found a burning altar of Makhleb.
  4182 | D:5      | Reached skill level 5 in Armour
  4579 | D:6      | Reached skill level 5 in Fighting
  4579 | D:6      | Reached XP level 8. HP: 50/74 MP: 11/11
  4673 | D:6      | Found a staircase to the Ecumenical Temple.
  4889 | D:6      | Noticed Sigmund
  4896 | D:6      | Killed Sigmund
  4896 | D:6      | Reached skill level 5 in Evocations
  5422 | D:7      | Found Taiskis's Antique Weapon Boutique.
  5451 | D:7      | Bought an ancient morningstar for 288 gold pieces
  5451 | D:7      | Identified the +0 morningstar of a bazaar {flame, rPois rN+ Str-4} (You bought it in a shop on level 7 of the Dungeon)
  5620 | D:7      | Gained mutation: You passively map the area around you. [Deep Dwarf growth]
  5620 | D:7      | Reached XP level 9. HP: 54/82 MP: 13/13
  5824 | D:7      | Reached skill level 5 in Shields
  5893 | D:7      | Reached *** piety under Trog
  6028 | D:8      | Noticed Psyche
  6069 | D:8      | Noticed Grum
  6228 | D:7      | Killed Grum
  6324 | D:8      | Noticed Maurice
  6349 | D:8      | Killed Maurice
  6430 | D:8      | Reached XP level 10. HP: 61/92 MP: 15/15
  6438 | D:8      | Noticed a two-headed ogre
  6455 | D:8      | Killed a two-headed ogre
  6951 | D:8      | Killed Psyche
  7002 | D:8      | HP: 4/94 [orc warrior/halberd (23)]
  7003 | D:8      | Slain by an orc warrior

Skill      XL: |  1  2  3  4  5  6  7  8  9 10 |
---------------+-------------------------------+-----
Armour         | 3 4 5 6 7 8 |  8.4
Fighting       | 3 4 5 6 7 |  7.2
Axes           | 4 5 6 7 8 |  8.9
Evocations     | 1 2 3 4 6 7 8 |  8.6
Shields        | 1 3 4 5 |  5.9
Dodging        | |  2.1

Action                   |  1- 3 |  4- 6 |  7- 9 | 10-12 || total
-------------------------+-------+-------+-------+-------++-------
Melee: Hand axe          |   150 |   141 |   342 |    66 ||   699
       Morningstar       |       |       |    12 |       ||    12
Throw: Javelin           |     1 |    12 |    10 |     2 ||    25
Invok: Berserk           |     3 |     8 |     6 |     3 ||    20
       Trog's Hand       |       |     2 |     8 |     3 ||    13
       Burn Spellbooks   |       |       |     2 |       ||     2
 Abil: Heal Wounds       |       |     1 |       |     1 ||     2
Evoke: Wand              |       |     6 |     1 |       ||     7
  Use: Scroll            |     5 |     2 |     2 |     1 ||    10
  Eat: Chunk             |    11 |    15 |    25 |       ||    51
Armor: Scale mail        |    75 |    50 |   156 |    16 ||   297
Dodge: Dodged            |    89 |    58 |   191 |    21 ||   359
Block: Buckler           |       |     4 |    72 |    15 ||    91
